 Dungeon Crawl Stone Soup version 0.20.0-7-g3b7b877 (webtiles) character file.

257967 McKennaii the Peltast (level 19, -1/156 HPs)
             Began as a Demonspawn Abyssal Knight on May 29, 2017.
             Was the Champion of Lugonu.
             Slain by an earth elemental (8 damage)
             ... summoned by a deep elf elementalist
             ... on level 3 of the Elven Halls.
             The game lasted 02:12:23 (52188 turns).

McKennaii the Peltast (Demonspawn Abyssal Knight)  Turns: 52188, Time: 02:12:23

Health: -1/156     AC: 34    Str: 19    XL:     19   Next: 49%
Magic:  0/23       EV: 10    Int: 14    God:    Lugonu [******]
Gold:   3203       SH: 19    Dex: 20    Spells: 18/18 levels left

rFire    + . .     SeeInvis .   H - +2 double sword (freeze)
rCold    . . .     Gourm    .   n - +0 shield
rNeg     . . .     Faith    .   a - +0 plate armour {rPois}
rPois    +         Spirit   +   (helmet unavailable)
rElec    +         Reflect  +   L - scarf {Spirit}
rCorr    +         Harm     .   D - +0 pair of gloves
MR       +....                  l - +2 pair of boots of the Assassin {Detection Stab+ Stlth++}
Stlth    ..........             d - +4 amulet of reflection
Regen    0.4/turn               J - +4 ring of strength
MPRegen  0.2/turn               z - ring of Selanan {rCorr rElec}

@: sanguine armour
A: horns 3, agile 1, fire resistance 1, high mp 1, ignite blood, spiny 1, wild
magic 1, evolution 1, flame cloud immunity, sanguine armour 3
}: 1/15 runes: serpentine
a: Depart the Abyss, Bend Space, Banish, Corrupt, Enter the Abyss, Brand Weapon
With Distortion, Renounce Religion


You were on level 3 of the Elven Halls.
You worshipped Lugonu.
Lugonu was exalted by your worship.
You were not hungry.

You visited 6 branches of the dungeon, and saw 27 of its levels.
You visited the Abyss 3 times.
You also visited: Sewer, Ossuary and Ice Cave.

You collected 3675 gold pieces.
You spent 472 gold pieces at shops.

Inventory:

Hand Weapons
 H - a +2 double sword of freezing (weapon)
Armour
 a - a +0 plate armour of poison resistance (worn)
 f - a +2 cloak of cold resistance
 l - the +2 pair of boots of the Assassin (worn) {Detection Stab+ Stlth++}
   (You found it in an ice cave)

   It makes you much more stealthy.
 n - a +0 shield (worn)
 D - a +0 pair of gloves (worn)
 L - a scarf of spirit shield (worn)
Magical Staves
 v - an uncursed staff of conjuration
Jewellery
 d - a +4 amulet of reflection (around neck)
 h - an uncursed ring of protection from magic
 t - an uncursed ring of protection from fire
 z - the ring of Selanan (right hand) {rCorr rElec}
   (You found it on level 4 of the Dungeon)

   [ring of resist corrosion]

   It insulates you from electricity.
 J - a +4 ring of strength (left hand)
Wands
 I - a wand of polymorph (10/24)
Scrolls
 g - 5 scrolls of enchant weapon
 i - 16 scrolls of identify
 m - 5 scrolls of amnesia
 x - 3 scrolls of fear
 y - 2 scrolls of enchant armour
 A - 2 scrolls of magic mapping
 B - 10 scrolls of remove curse
 V - a scroll of fog
Potions
 b - a potion of heal wounds
 e - 2 potions of brilliance
 j - 4 potions of magic
 k - 9 potions of flight
 o - 6 potions of haste
 p - a potion of invisibility
 s - a potion of curing
 u - a potion of berserk rage
 w - 3 potions of might
 K - 4 potions of lignification
 M - 2 potions of agility
 O - a potion of cancellation
Books
 C - a book of Maledictions

   Spells                             Type                      Level
   a - Corona                         Hexes                        1
   b - Ensorcelled Hibernation        Hexes/Ice                    2
   c - Confuse                        Hexes                        3
   d - Tukima's Dance                 Hexes                        3
   e - Dazzling Spray                 Conjuration/Hexes            3
Comestibles
 c - 11 bread rations
 q - 2 royal jellies
 E - a meat ration
 F - 2 chunks of flesh
 P - 22 fruits


   Skills:
 + Level 15.6 Fighting
 + Level 16.4 Long Blades
 + Level 15.1 Armour
 + Level 5.0 Dodging
 + Level 3.1 Stealth
 + Level 17.9 Shields
 + Level 2.7 Invocations


You had 18 spell levels left.
You didn't know any spells.

Dungeon Overview and Level Annotations

Branches:
Dungeon (11/15)            Temple (0/1) D:6            Lair (6/6) D:9
  Swamp (1/4) Lair:3        Snake (4/4) Lair:3        Slime (0/5) Lair:6
    Orc (2/2) D:10            Elf (3/3) Orc:2

Altars:
Hepliaklqana
Makhleb
Nemelex Xobeh
Qazlal
Ru
Sif Muna
Uskayaw
Yredelemnul
The Shining One
Beogh

Shops:
D:9 %   Orc:2 :!}(   Elf:1 =}}

Annotations:
Swamp:1 Cab's ghost, journeyman SpEn


Innate Abilities, Weirdness & Mutations

You have a pair of large horns on your head.
Your flesh is heat resistant. (rF+)
Your demonic aura causes spilled blood to erupt in flames.
You are partially covered in sharp spines.
You are immune to clouds of flame.
When seriously injured, your bleeding wounds create very thick armour. (AC +12)
You are agile. (Dex +2)
You have an increased reservoir of magic. (+10% MP)
Your spells are a little harder to cast, but a little more powerful.
You evolve.


Message History

You block the deep elf elementalist's attack.
The earth elemental hits you but does no damage.
The earth elemental hits you!
* * * LOW HITPOINT WARNING * * *
You closely miss the deep elf elementalist.
Your headbutt misses the deep elf elementalist.
The deep elf elementalist is heavily wounded.
The deep elf elementalist is engulfed in blazing flames.
You block the deep elf elementalist's attack.
You slash the deep elf elementalist! You freeze the deep elf elementalist.
The deep elf elementalist is almost dead.
The deep elf elementalist is engulfed in blazing flames.
The deep elf elementalist points at you and mumbles some strange words.
The freezing blast engulfs you!
* * * LOW HITPOINT WARNING * * *
You hear a sizzling sound!
You block the earth elemental's attack.
The earth elemental is struck by your spines.
The earth elemental hits you!
You die...

# #.........# ####.# #
#.....{...# ##....#
###(....[({.## ##.....##
(..##)....##.## #.......###
##eeE...#####)# ###..........
..#.####.###(.### #.........###
#.######..#.#.§E###............
#...........)EEEE§§§.##e..####
#.#######..E..Ee@§§..###E## #.#
#..########### #.# ..#### #.##
#.# .....# #.## #4# #.##.#
#..## #.# #.##.# ##.#.## #.#
#.##.###.###.###### #{#
#.##....## ##.#...## #.#
#.####)## ##.....#####.#


You could see a deep elf elementalist and 7 earth elementals.

Vanquished Creatures
  3 deep elf blademasters (Elf:3)
  2 deep elf master archers (Elf:3)
  12 nagarajas
  Kirke (Snake:3)
  Roxanne (Snake:4)
  2 deep elf sorcerers (Elf:3)
  Aizul (Snake:1)
  An orc warlord (Orc:1)
  2 deep elf elementalists (Elf:3)
  An angel (Abyss:2)
  A stone giant (Orc:1)
  A reaper (IceCv)
  4 deep elf demonologists
  3 deep elf annihilators (Elf:3)
  A purple draconian (Abyss:2)
  A deep elf death mage (Elf:3)
  4 deep elf high priests
  A fire dragon (Lair:3)
  Josephine (Lair:3)
  Harold (Lair:2)
  An ogre mage (Orc:1)
  16 naga warriors
  6 hydras
  The ghost of Rrauwl the Brawler, a journeyman TrAr (Lair:1)
  A catoblepas (Lair:4)
  8 anacondas
  31 dancing weapons
  A two-headed ogre (shapeshifter) (Elf:1)
  6 orc high priests
  A vampire mage (Abyss:2)
  3 alligators
  5 death yaks
  8 two-headed ogres
  9 naga sharpshooters
  A thrashing horror (Abyss:2)
  Urug (Orc:1)
  8 shock serpents
  31 deep elf knights
  A wretched star (Abyss:2)
  A sun demon (Abyss:2)
  4 salamander mystics
  3 sixfirhies (Abyss:2)
  A spatial maelstrom (Abyss:2)
  2 starcursed masses (Abyss:2)
  An unseen horror (D:10)
  A shadow dragon zombie (Abyss:2)
  A wizard (Abyss:2)
  7 naga ritualists
  A swamp dragon (Lair:4)
  5 orc knights (Orc:2)
  25 deep elf archers
  10 mana vipers
  65 deep elf magi
  8 orc sorcerers
  An oklob plant (Lair:1)
  A frost giant zombie (Abyss:2)
  3 worldbinders (Abyss:2)
  A cyclops (D:11)
  15 elephants
  14 salamanders
  4 guardian serpents
  An apocalypse crab (Abyss:2)
  A rust devil (Abyss:2)
  35 naga magi
  The ghost of Hanibal the Covered, a novice MiFi (D:6)
  40 black mambas
  2 ice statues (IceCv)
  20 spiny frogs
  A smoke demon (Abyss:2)
  A kobold demonologist (D:11)
  13 komodo dragons
  6 rime drakes
  5 ice devils (IceCv)
  The ghost of Oki the Ruffian, a novice VSFi of Cheibriados (D:5)
  3 trolls
  6 large abominations (Abyss:2)
  3 tyrant leeches (Lair:6)
  A polar bear (Lair:3)
  A hornet (D:9)
  29 blink frogs
  A slime creature (Lair:4)
  18 hippogriffs
  6 wraiths
  An air elemental (D:10)
  A ynoxinul (Abyss:2)
  A fire bat (shapeshifter) (Elf:2)
  5 hogs
  3 water elementals
  9 wyverns
  3 small abominations (Abyss:2)
  A steam dragon (Lair:3)
  2 basilisks
  A human (D:7)
  22 yaks
  4 fire elementals
  Menkaure (D:6)
  7 vampire mosquitoes
  The ghost of xhc the Covert, an amateur OpAs (D:3)
  An insubstantial wisp (Abyss:2)
  3 wargs
  76 nagas
  4 swamp worms (Lair:4)
  15 water moccasins
  36 orc warriors
  7 porcupines
  5 hell hounds
  A swamp drake (Lair:4)
  Purgy (Sewer)
  3 necrophages
  14 ogres
  3 black bears
  4 ice beasts
  14 wolves
  2 centaurs
  6 crocodiles
  26 bullfrogs
  A wyvern zombie (D:8)
  Blork the orc (D:5)
  3 earth elementals
  3 scorpions
  5 killer bees (D:7)
  8 electric eels
  2 howler monkeys (D:5)
  8 wights (D:7)
  A bullfrog zombie (D:8)
  3 centaur zombies
  15 jellies
  24 orc priests
  25 orc wizards
  A quasit (Abyss:2)
  2 centaur skeletons
  6 hounds
  A bullfrog skeleton (D:5)
  2 iguanas (D:10)
  5 worker ants
  3 hell rats (Lair:5)
  4 big kobold zombies (Ossuary)
  7 mummies
  A worker ant zombie (D:5)
  4 gnolls (D:9)
  A howler monkey skeleton (D:5)
  6 river rats (Lair:5)
  16 adders
  4 shadow imps
  9 white imps
  10 ufetubi (IceCv)
  5 oozes
  An adder skeleton (D:4)
  An adder zombie (D:8)
  A dart slug (D:2)
  7 leopard geckos
  115 orcs
  4 ball pythons
  6 giant cockroaches
  9 goblins
  4 hobgoblins
  11 jackals
  13 kobolds
  A quokka (D:2)
  6 bats
  7 frilled lizards
  A goblin zombie (D:7)
  2 hobgoblin zombies (Ossuary)
  2 quokka zombies
  15 rats
  2 fungi (Elf:2)
  2 lurking horrors (Abyss:2)
1231 creatures vanquished.

Vanquished Creatures (others)
  A deep elf master archer (Elf:3)
  4 naga sharpshooters
  A deep elf knight (Elf:2)
  2 deep elf archers
  A deep elf mage (Elf:1)
  A salamander (Snake:3)
  5 humans (Snake:3)
  A naga (Snake:1)
  A centaur (D:6)
  An orc priest (Elf:1)
  2 white imps (IceCv)
  2 ufetubi (IceCv)
  6 orcs (Elf:1)
  32 fungi
  87 plants
147 creatures vanquished.

Grand Total: 1378 creatures vanquished

Notes
Turn   | Place    | Note
-------+----------+-------------------------------------------
     0 | Abyss:1  | McKennaii the Demonspawn Abyssal Knight began the quest for the Orb.
     0 | Abyss:1  | Reached XP level 1. HP: 18/18 MP: 2/2
    61 | Abyss:1  | Noticed a glowing orange brain
   150 | Abyss:2  | Noticed an iron imp
   155 | Abyss:2  | Noticed a starcursed mass
   156 | D:1      | Escaped the Abyss
   225 | D:1      | Reached * piety under Lugonu
   254 | D:1      | Gained mutation: You are partially covered in sharp spines. [demonic ancestry]
   254 | D:1      | Reached XP level 2. HP: 5/24 MP: 3/3
   586 | D:1      | Reached skill level 1 in Dodging
   739 | D:1      | Gained mutation: When seriously injured, your bleeding wounds create armour. (AC +12) [demonic ancestry]
   739 | D:1      | Reached XP level 3. HP: 15/29 MP: 4/4
  1528 | D:2      | Reached XP level 4. HP: 36/37 MP: 5/5
  1621 | D:2      | Reached ** piety under Lugonu
  1984 | D:3      | Noticed xhc's ghost (amateur OpAs)
  1993 | D:3      | Killed xhc's ghost
  1993 | D:3      | Gained mutation: When seriously injured, your bleeding wounds create thick armour. (AC +12) [demonic ancestry]
  1993 | D:3      | Reached XP level 5. HP: 24/42 MP: 6/6
  2685 | D:3      | Found a sparkling altar of Nemelex Xobeh.
  2729 | D:4      | Reached XP level 6. HP: 45/48 MP: 7/7
  2770 | D:4      | Got a flickering lapis lazuli ring
  2772 | D:4      | Identified the ring of Selanan {rCorr rElec} (You found it on level 4 of the Dungeon)
  2777 | D:4      | Found a glowing drain.
  2796 | Sewer    | Entered a sewer
  2833 | Sewer    | Noticed Purgy
  2853 | Sewer    | Killed Purgy
  3055 | Sewer    | Gained mutation: You are clumsy. (Dex -2) [potion of mutation]
  3055 | Sewer    | Gained mutation: Your spells are a little easier to cast, but a little less powerful. [potion of mutation]
  3055 | Sewer    | Gained mutation: You are robust. (+10% HP) [potion of mutation]
  3056 | Sewer    | Lost mutation: You are clumsy. (Dex -2) [potion of mutation]
  3056 | Sewer    | Lost mutation: You are robust. (+10% HP) [potion of mutation]
  3056 | Sewer    | Lost mutation: Your spells are a little easier to cast, but a little less powerful. [potion of mutation]
  3056 | Sewer    | Gained mutation: You have supernaturally acute eyesight. (SInv) [potion of mutation]
  3056 | Sewer    | Gained mutation: You are agile. (Dex +2) [potion of mutation]
  3056 | Sewer    | Gained mutation: You are resistant to hostile enchantments. (MR+) [potion of mutation]
  3056 | Sewer    | Gained mutation: Your muscles are strong. (Str +2) [potion of mutation]
  3380 | D:4      | Found a stormy altar of Qazlal.
  3586 | D:5      | Entered Level 5 of the Dungeon
  3874 | D:5      | Noticed an ice beast
  3888 | D:5      | Killed an ice beast
  3888 | D:5      | Reached skill level 1 in Shields
  3888 | D:5      | Reached XP level 7. HP: 35/54 MP: 8/8
  3994 | D:5      | Noticed Blork the orc
  4005 | D:5      | Killed Blork the orc
  4005 | D:5      | Reached skill level 5 in Long Blades
  4063 | D:5      | Reached *** piety under Lugonu
  4134 | D:5      | Reached skill level 2 in Shields
  4243 | D:5      | Noticed Oki's ghost (novice VSFi)
  4276 | D:5      | Killed Oki's ghost
  4276 | D:5      | Gained mutation: Your flesh is heat resistant. (rF+) [demonic ancestry]
  4276 | D:5      | Reached XP level 8. HP: 24/61 MP: 9/9
  4655 | D:5      | Reached skill level 5 in Fighting
  4764 | D:5      | Noticed a hippogriff
  4778 | D:5      | Killed a hippogriff
  4778 | D:5      | Reached skill level 3 in Shields
  4928 | D:6      | Noticed Menkaure
  4952 | D:6      | Killed Menkaure
  5358 | D:6      | Found a staircase to the Ecumenical Temple.
  5377 | D:6      | Reached skill level 5 in Armour
  5377 | D:6      | Reached skill level 4 in Shields
  5791 | D:6      | Noticed Hanibal's ghost (novice MiFi)
  5834 | D:6      | Killed Hanibal's ghost
  5834 | D:6      | Gained mutation: You have a pair of small horns on your head. [demonic ancestry]
  5834 | D:6      | Reached XP level 9. HP: 36/68 MP: 10/10
  5888 | D:7      | Reached **** piety under Lugonu
  5924 | D:7      | Reached skill level 5 in Shields
  5958 | D:7      | Found a sand-covered staircase.
  5966 | Ossuary  | Entered an ossuary
  6427 | D:7      | Reached skill level 1 in Stealth
  6993 | D:7      | You fall through a shaft for 3 floors!
  6993 | D:10     | Entered Level 10 of the Dungeon
  6993 | D:10     | Found a large runed door.
  6993 | D:10     | Found a large runed door.
  7190 | D:8      | Reached ***** piety under Lugonu
  7191 | D:8      | Found a hide-covered altar of Uskayaw.
  7290 | D:7      | Gained mutation: When seriously injured, your bleeding wounds create very thick armour. (AC +12) [demonic ancestry]
  7290 | D:7      | Reached XP level 10. HP: 72/76 MP: 11/11
  7297 | D:7      | Reached skill level 6 in Shields
  7390 | D:8      | Found a hazy altar of Hepliaklqana.
  7721 | D:8      | Found a burning altar of Makhleb.
  7974 | D:9      | Found Yjoqoyva's Food Shoppe.
  8004 | D:9      | Found a staircase to the Lair.
  8212 | D:9      | Found a glowing golden altar of the Shining One.
  8227 | D:9      | Found a basalt altar of Yredelemnul.
  8317 | D:9      | Noticed a two-headed ogre
  8328 | D:9      | Killed a two-headed ogre
  8353 | D:9      | Paralysed by a hornet for 2 turns
  8688 | D:10     | Reached skill level 7 in Shields
  8806 | D:10     | Found a staircase to the Orcish Mines.
  9492 | D:10     | Noticed a deep elf mage
  9500 | D:10     | Killed a deep elf mage
  9500 | D:10     | Gained mutation: You have a pair of horns on your head. [demonic ancestry]
  9500 | D:10     | Reached XP level 11. HP: 78/83 MP: 12/12
  9593 | D:10     | Reached ****** piety under Lugonu
 10051 | D:10     | Noticed an unseen horror
 10064 | D:10     | Killed an unseen horror
 10379 | D:11     | Reached skill level 10 in Long Blades
 10440 | D:11     | Noticed a two-headed ogre
 10494 | D:10     | Killed a two-headed ogre
 10814 | D:11     | Noticed a four-headed hydra
 11262 | Lair:1   | Entered Level 1 of the Lair of Beasts
 11533 | Lair:1   | Reached skill level 8 in Shields
 11741 | Lair:1   | Found a glowing golden altar of the Shining One.
 11741 | Lair:1   | Noticed an oklob plant
 11753 | Lair:1   | Killed an oklob plant
 11947 | Lair:1   | Noticed Rrauwl's ghost (journeyman TrAr)
 12023 | Lair:1   | Killed Rrauwl's ghost
 12625 | Lair:1   | Noticed an eight-headed hydra
 12683 | Lair:2   | Noticed Harold
 12706 | Lair:2   | Killed Harold
 12730 | Lair:2   | Found a deep blue altar of Sif Muna.
 13044 | Lair:2   | Reached XP level 12. HP: 52/91 MP: 13/13
 14126 | Lair:3   | Reached skill level 9 in Shields
 14382 | Lair:3   | Found a staircase to the Snake Pit.
 14436 | Lair:3   | Found a staircase to the Swamp.
 14585 | Lair:3   | Noticed a fire dragon
 14621 | Lair:3   | Noticed a four-headed hydra
 14996 | Lair:3   | Killed a nine-headed hydra
 15305 | Lair:3   | Noticed a six-headed hydra
 15334 | Lair:3   | Killed a 13-headed hydra
 15729 | Lair:3   | Killed a fire dragon
 16890 | Lair:3   | Noticed a four-headed hydra
 17112 | Lair:4   | Reached skill level 10 in Shields
 17258 | Lair:4   | Reached XP level 13. HP: 92/101 MP: 14/14
 18794 | Lair:4   | Reached skill level 10 in Armour
 20818 | Lair:5   | Reached skill level 11 in Shields
 21381 | Lair:5   | Reached skill level 10 in Fighting
 21948 | Lair:6   | Entered Level 6 of the Lair of Beasts
 22177 | Lair:6   | Reached XP level 14. HP: 70/110 MP: 15/15
 23763 | Lair:6   | Reached skill level 12 in Shields
 24395 | Lair:6   | Found a staircase to the Slime Pits.
 24812 | Swamp:1  | Entered Level 1 of the Swamp
 25073 | Swamp:1  | Noticed Cab's ghost (journeyman SpEn)
 25291 | Snake:1  | Entered Level 1 of the Snake Pit
 25299 | Snake:1  | Noticed Josephine
 25320 | Lair:3   | Killed Josephine
 26410 | Snake:1  | Found a sacrificial altar of Ru.
 26451 | Snake:1  | Gained mutation: You are immune to clouds of flame. [demonic ancestry]
 26451 | Snake:1  | Reached XP level 15. HP: 111/119 MP: 16/16
 27185 | Snake:1  | Noticed Aizul
 27209 | Snake:1  | Killed Aizul
 27638 | Snake:1  | Noticed a nagaraja
 27662 | Snake:1  | Killed a nagaraja
 27964 | Snake:1  | Reached skill level 13 in Shields
 28408 | Snake:2  | Noticed a nagaraja
 28434 | Snake:2  | Killed a nagaraja
 29225 | Snake:3  | Noticed Kirke
 29239 | Snake:3  | Killed Kirke
 30556 | Snake:3  | Noticed Mara
 31013 | Snake:3  | Noticed McKennaii's illusion
 31284 | Snake:3  | Noticed McKennaii's illusion
 31284 | Snake:4  | Entered Level 4 of the Snake Pit
 31852 | Snake:4  | Noticed a nagaraja
 31882 | Snake:4  | Killed a nagaraja
 32242 | Snake:4  | Reached XP level 16. HP: 115/128 MP: 17/17
 32434 | Snake:4  | Reached skill level 14 in Shields
 34898 | Snake:3  | HP: 3/129 [naga/flail of holy wrath (6)]
 35366 | Snake:3  | Noticed McKennaii's illusion
 36808 | Snake:4  | Noticed Roxanne
 36839 | Snake:4  | Killed Roxanne
 37523 | Snake:4  | Identified Roxanne's Grimoire of the Rocks (You took it off Roxanne on level 4 of the Snake Pit)
 38085 | Snake:4  | Reached skill level 15 in Shields
 38504 | Snake:4  | Reached skill level 15 in Long Blades
 38555 | Snake:4  | HP: 6/130 [naga mage/poison arrow (6)]
 39151 | Snake:3  | Noticed McKennaii's illusion
 39635 | Snake:3  | Noticed McKennaii's illusion
 39904 | Snake:4  | Gained mutation: Your demonic aura causes spilled blood to erupt in flames. [demonic ancestry]
 39904 | Snake:4  | Reached XP level 17. HP: 130/137 MP: 18/18
 40169 | Snake:4  | Got a serpentine rune of Zot
 40766 | Orc:1    | Entered Level 1 of the Orcish Mines
 40775 | Orc:1    | Noticed Urug
 40793 | Orc:1    | Killed Urug
 41200 | Orc:2    | Entered Level 2 of the Orcish Mines
 41296 | Orc:2    | Found a roughly hewn altar of Beogh.
 41351 | Orc:2    | Found a staircase to the Elven Halls.
 41472 | Orc:1    | Found a frozen archway.
 41484 | IceCv    | Entered an ice cave
 42952 | Orc:2    | Found Efyguv's Weapon Boutique.
 43873 | Orc:2    | Found Riesh's Book Boutique.
 43891 | Orc:2    | Found Vaarpho Qim's Distillery.
 44099 | Orc:2    | Found Jowutos's Gadget Shoppe.
 44111 | Orc:2    | Bought a potion of curing for 36 gold pieces
 44111 | Orc:2    | Bought a potion of heal wounds for 60 gold pieces
 44121 | Orc:2    | Bought a +4 scimitar of slicing for 280 gold pieces
 44325 | Elf:1    | Entered Level 1 of the Elven Halls
 44336 | Elf:1    | Noticed a Tzitzimitl
 44338 | Elf:1    | Cast into level 2 of the Abyss (a deep elf demonologist)
 44425 | Elf:1    | Escaped the Abyss
 44924 | Elf:1    | Reached skill level 16 in Shields
 44925 | Elf:1    | Noticed a Brimstone Fiend
 45251 | Elf:1    | Noticed a Hell Sentinel
 46243 | Elf:1    | Found Lugywk's Jewellery Boutique.
 46244 | Elf:1    | Found Cisedoj's Gadget Shoppe.
 46244 | Elf:1    | Found Duduw's Gadget Shoppe.
 46272 | Elf:1    | Gained mutation: You have a pair of large horns on your head. [demonic ancestry]
 46272 | Elf:1    | Reached XP level 18. HP: 135/146 MP: 20/20
 48144 | Elf:2    | Found a runed gate.
 48144 | Elf:2    | Found a runed gate.
 48144 | Elf:2    | Found a runed gate.
 48192 | Elf:2    | Reached skill level 17 in Shields
 48271 | Elf:2    | Lost mutation: Your muscles are strong. (Str +2) [a Zot trap]
 48271 | Elf:2    | Gained mutation: Armour fits poorly on your strangely shaped body. [a Zot trap]
 48273 | Elf:2    | Got a transparent scale mail
 48421 | Orc:2    | Bought a potion of mutation for 96 gold pieces
 48423 | Orc:2    | Lost mutation: You are resistant to hostile enchantments. (MR+) [potion of mutation]
 48423 | Orc:2    | Lost mutation: Armour fits poorly on your strangely shaped body. [potion of mutation]
 48423 | Orc:2    | Lost mutation: You are agile. (Dex +2) [potion of mutation]
 48423 | Orc:2    | Lost mutation: You have supernaturally acute eyesight. (SInv) [potion of mutation]
 48423 | Orc:2    | Gained mutation: Your body sometimes deteriorates upon taking damage. [potion of mutation]
 48423 | Orc:2    | Gained mutation: You possess an exceptional clarity of mind. [potion of mutation]
 48423 | Orc:2    | Gained mutation: You have supernaturally acute eyesight. (SInv) [potion of mutation]
 48555 | D:9      | Lost mutation: You possess an exceptional clarity of mind. [potion of mutation]
 48555 | D:9      | Lost mutation: Your body sometimes deteriorates upon taking damage. [potion of mutation]
 48555 | D:9      | Lost mutation: You have supernaturally acute eyesight. (SInv) [potion of mutation]
 48555 | D:9      | Gained mutation: You are agile. (Dex +2) [potion of mutation]
 48555 | D:9      | Gained mutation: You have an increased reservoir of magic. (+10% MP) [potion of mutation]
 48555 | D:9      | Gained mutation: Your spells are a little harder to cast, but a little more powerful. [potion of mutation]
 48555 | D:9      | Gained mutation: You evolve. [potion of mutation]
 48566 | D:9      | Identified the +5 scale mail "Honatoic" {Int+5 Dex-4} (You found it on level 2 of the Elven Halls)
 49502 | Elf:2    | Reached skill level 15 in Fighting
 49518 | Elf:2    | HP: 7/149 [poisoned by a trident of venom]
 49524 | Elf:2    | HP: 5/149 [poisoned by a trident of venom]
 49529 | Elf:2    | HP: 5/149 [poisoned by a trident of venom]
 49536 | Elf:2    | HP: 5/149 [poisoned by a trident of venom]
 49544 | Elf:2    | HP: 6/149 [poisoned by a trident of venom]
 50692 | Elf:2    | Paralysed by an orc sorcerer for 5 turns
 50754 | Elf:3    | Entered Level 3 of the Elven Halls
 50842 | Elf:3    | Reached XP level 19. HP: 98/155 MP: 15/23
 51342 | Elf:3    | Cast into level 2 of the Abyss (a deep elf sorcerer)
 51440 | Abyss:2  | Reached skill level 5 in Dodging
 51470 | Abyss:2  | Reached skill level 15 in Armour
 52019 | Elf:3    | Escaped the Abyss
 52044 | Elf:3    | HP: 1/155 [deep elf mage/stone arrow (19)]
 52188 | Elf:3    | HP: 7/156 [deep elf elementalist/freezing blast (9)]
 52188 | Elf:3    | Slain by an earth elemental

Skill      XL: |  1  2  3  4  5  6  7  8  9 10 11 12 13 14 15 16 17 18 19 |
---------------+----------------------------------------------------------+-----
Long Blades    | 2 3 4 5 6 8 9 11 12 13 14 15 16 | 16.4
Dodging        | 1 2 3 4 5 |  5.0
Armour         | 2 3 4 5 6 7 8 9 10 11 12 13 14 15 | 15.1
Fighting       | 4 5 6 7 8 9 10 11 12 13 14 15 | 15.6
Shields        | 1 2 4 5 7 8 10 11 12 13 15 16 17 | 17.9
Stealth        | 1 2 3 |  3.1
Invocations    | |  2.7

Action                   |  1- 3 |  4- 6 |  7- 9 | 10-12 | 13-15 | 16-18 | 19-21 || total
-------------------------+-------+-------+-------+-------+-------+-------+-------++-------
Melee: Falchion          |    86 |   148 |   395 |       |       |       |       ||   629
       Scimitar          |       |       |    66 |   840 |  1778 |  1640 |       ||  4324
       Headbutt          |       |       |    49 |   216 |   438 |   511 |    87 ||  1301
       Double sword      |       |       |       |       |       |   148 |   285 ||   433
Invok: Depart the Abyss  |     1 |       |       |       |       |     1 |       ||     2
  Use: Scroll            |       |     9 |     5 |     9 |    12 |    11 |     5 ||    51
       Potion            |       |     7 |       |     2 |     8 |    12 |     2 ||    31
 Stab: Sleeping          |       |       |     4 |     1 |       |       |       ||     5
       Distracted        |       |       |       |     1 |       |       |       ||     1
       Petrified         |       |       |       |       |     1 |       |       ||     1
  Eat: Chunk             |     2 |     8 |    12 |    24 |    24 |    33 |     2 ||   105
       Fruit             |       |       |       |     4 |     4 |     4 |     1 ||    13
       Meat ration       |       |       |       |     1 |     4 |     1 |     1 ||     7
       Royal jelly       |       |       |       |       |       |    10 |       ||    10
Armor: Leather armour    |    44 |     4 |       |       |       |       |       ||    48
       Plate armour      |       |    93 |    99 |   298 |   738 |   546 |    82 ||  1856
       Scale mail        |       |     8 |       |       |       |       |       ||     8
       Shadow dragon sca |       |       |    89 |    52 |       |       |       ||   141
Dodge: Dodged            |    60 |    35 |    50 |   126 |   285 |   310 |    54 ||   920
Block: Other             |    26 |    30 |       |       |       |       |       ||    56
       Reflection        |     3 |       |     2 |    13 |    71 |   197 |     7 ||   293
       Shield            |       |    17 |   283 |   652 |  1274 |  1358 |   193 ||  3777
       Rpst.: Falchion   |    20 |    11 |    13 |       |       |       |       ||    44
       Scimitar          |       |       |     5 |    33 |    68 |    55 |       ||   161
       Double sword      |       |       |       |       |       |     7 |    11 ||    18
